Map: 凯罗斯中转站-天梯版

Players

INnoVation - Winner!

  • Race: Terran Terran
  • League: Diamond

Stephano

  • Race: Zerg Zerg

Event: WESG 2018 Grand Finals

VOD

Have the link to the VOD?

Description

Time

  • Played on: March 12, 2019, 3:43 a.m.
  • Length: 11:32

All games in this series

Show
View Real Time Build Order
Export as new Build Order

INnoVation Terran - Winner!

Build Orders: Gas First Reaper Expand, Banshee Rush 

Get SALT Encoding   

  12  0:00  SCV  
  13  0:12  SCV  
  14  0:17  Supply Depot  
  14  0:25  SCV  
  14  0:28  Refinery  
  15  0:38  SCV  
  16  0:44  Barracks  
  16  0:50  SCV  
  17  1:02  SCV  
  18  1:14  SCV  
  19  1:31  Reaper, Orbital Command  
  20  1:42  Command Center  
  20  1:54  Factory  
  20  1:57  SCV  
  21  2:05  Barracks Reactor  
  21  2:09  SCV  
  21  2:13  Supply Depot  
  22  2:15  Refinery  
  22  2:21  SCV  
  23  2:34  SCV  
  24  2:41  Starport  
  24  2:45  Hellion  
  24  2:46  Hellion, SCV  
  29  2:54  Orbital Command  
  29  3:00  Barracks Tech Lab, SCV  
  30  3:10  Hellion  
  30  3:11  Hellion  
  34  3:13  SCV  
  35  3:22  SCV  
  35  3:23  Viking  
  38  3:29  SCV  
  39  3:34  SCV  
  39  3:36  Supply Depot  
  39  3:41  Cloaking Field, SCV  
  41  3:42  Factory Tech Lab  
  41  3:43  Marine x2  
  43  3:53  Banshee  
  46  3:58  SCV x2  
  46  4:00  Supply Depot  
  46  4:01  Marine x2  
  50  4:08  Siege Tank  
  53  4:11  SCV  
  54  4:22  Marine x2, SCV  
  54  4:23  Supply Depot  
  57  4:24  SCV  
  57  4:31  Command Center  
  58  4:34  SCV  
  58  4:37  Banshee  
  62  4:44  Marine x2  
  64  4:46  Supply Depot  
  64  4:49  SCV  
  64  4:50  Siege Tank, SCV  
  69  4:56  Supply Depot  
  69  5:02  SCV  
  69  5:05  Marine x2  
  70  5:07  SCV  
  71  5:17  Barracks  
  71  5:18  Barracks, SCV  
  71  5:19  SCV  
  72  5:25  Engineering Bay, Refinery  
  72  5:26  Refinery  
  72  5:27  Engineering Bay  
  70  5:38  SCV x2  
  70  5:40  Marine  
  70  5:41  Stimpack  
  70  5:42  Starport Reactor  
  67  5:43  Orbital Command  
  67  5:50  SCV x2  
  67  5:54  Terran Infantry Weapons Level 1, Terran Infantry Armor Level 1  
  69  5:57  Marine  
  69  6:02  SCV x2  
  72  6:05  Barracks Reactor  
  72  6:08  Barracks x2  
  72  6:14  SCV  
  73  6:20  Orbital Command, SCV  
  71  6:27  Marine x3, SCV  
  71  6:32  Medivac x2, SCV  
  80  6:33  Supply Depot  
  80  6:39  SCV  
  81  6:43  Marine, Siege Tank  
  81  6:44  Marine, SCV  
  81  6:45  Marine x3  
  81  6:46  SCV  
  91  6:51  SCV  
  91  6:52  Supply Depot  
  92  6:56  SCV  
  92  6:57  Barracks Reactor x2  
  92  6:58  SCV  
  92  7:01  Supply Depot  
  94  7:02  Refinery  
  94  7:03  Refinery, SCV  
  94  7:05  Marine x4  
  94  7:08  SCV  
  100  7:10  SCV  
  100  7:14  Armory  
  100  7:15  Siege Tank  
  104  7:21  Supply Depot  
  104  7:23  SCV x3  
  104  7:24  Supply Depot  
  104  7:26  Medivac x2  
  108  7:30  Marine x3  
  108  7:31  Marine x2  
  108  7:35  SCV x3  
  116  7:41  Combat Shield  
  116  7:45  Marine x4  
  116  7:47  Siege Tank  
  116  7:48  Marine x3  
  116  7:49  Marine  
  116  7:50  Missile Turret  
  127  7:52  Supply Depot  
  127  7:54  Factory  
  127  7:57  SCV x3  
  130  8:04  Terran Infantry Weapons Level 2, Terran Infantry Armor Level 2  
  130  8:06  Marine x4  
  134  8:21  Terran Vehicle And Ship Armor Level 1  
  134  8:23  Command Center  
  134  8:24  Siege Tank  
  137  8:28  Marine x7  
  144  8:38  SCV x2  
  144  8:39  SCV  
  129  8:49  Factory Tech Lab  
  129  8:50  SCV x2  
  129  8:51  Drilling Claws, SCV, Factory Reactor  
  132  8:56  Siege Tank  
  132  8:58  Marine x9  
  144  9:02  SCV  
  144  9:03  SCV x2  
  144  9:07  Supply Depot  
  144  9:09  Supply Depot  
  147  9:12  Supply Depot  
  147  9:13  Medivac  
  149  9:23  SCV  
  149  9:28  Medivac, Marine x6  
  149  9:29  Supply Depot  
  149  9:30  Marine, SCV x2  
  160  9:34  Siege Tank  
  159  9:41  Factory Tech Lab  
  159  9:45  Command Center  
  159  9:46  Medivac  
  159  9:49  Marine x2  
  163  9:58  Marine  
  163  9:59  Marine x5  
  168  10:03  Supply Depot  
  168  10:06  Siege Tank  
  171  10:15  Siege Tank  
  171  10:18  Supply Depot  
  174  10:30  Marine x2  
  176  10:36  Medivac x2  
  176  10:39  Marine  
  176  10:40  Marine x6, Supply Depot  
  187  10:45  Siege Tank  
  187  10:48  Marine x2  
  192  10:50  Siege Tank  
  195  10:58  Marine  
  195  10:59  Marine x2  
  198  11:18  Fusion Core  
  200  11:20  Starport  
  200  11:21  Starport  
Show
View Real Time Build Order
Export as new Build Order

Stephano Zerg 

Build Orders: Hatch First 

Get SALT Encoding   

  12  0:00  Drone  
  13  0:12  Overlord  
  13  0:17  Drone  
  14  0:30  Drone x2  
  16  0:48  Hatchery  
  15  0:51  Drone  
  15  0:55  Drone  
  17  0:58  Drone  
  18  1:10  Extractor  
  17  1:13  Spawning Pool  
  17  1:16  Drone  
  17  1:19  Drone  
  18  1:28  Drone  
  19  1:39  Drone  
  20  1:50  Drone  
  21  2:00  Queen x2  
  26  2:01  Zergling x4  
  27  2:10  Overlord  
  27  2:12  Drone  
  28  2:22  Hatchery  
  27  2:24  Drone  
  28  2:30  Drone  
  28  2:33  Drone x2  
  31  2:42  Queen  
  33  2:46  Metabolic Boost  
  33  2:55  Overlord, Drone x2  
  35  3:04  Drone  
  36  3:13  Drone  
  36  3:14  Drone x2  
  36  3:16  Drone x2  
  41  3:24  Zergling x4  
  42  3:33  Overlord, Queen  
  44  3:34  Queen, Zergling x2  
  44  3:38  Zergling x4  
  49  3:52  Drone  
  49  3:53  Spore Crawler, Drone x5  
  54  3:57  Overlord  
  54  3:58  Drone  
  55  4:03  Drone x2  
  55  4:06  Overlord  
  57  4:19  Spore Crawler  
  57  4:20  Evolution Chamber, Drone  
  57  4:21  Drone  
  57  4:22  Evolution Chamber  
  57  4:23  Drone  
  57  4:24  Queen  
  57  4:26  Drone  
  57  4:27  Queen  
  57  4:29  Drone  
  57  4:31  Drone x2  
  65  4:36  Spore Crawler  
  64  4:43  Drone  
  65  4:49  Overlord  
  65  4:52  Overlord  
  65  4:55  Overlord  
  65  4:58  Zerg Ground Armor Level 1  
  65  5:02  Zerg Melee Weapons Level 1  
  65  5:06  Queen  
  64  5:07  Overlord  
  64  5:11  Drone x9  
  73  5:18  Drone x3  
  71  5:23  Drone x3  
  74  5:32  Drone x2  
  75  5:35  Drone x4  
  72  5:43  Lair  
  72  5:46  Extractor  
  72  5:47  Drone x3, Extractor  
  73  5:58  Hatchery  
  73  6:00  Drone x3  
  73  6:02  Drone  
  76  6:07  Spore Crawler  
  70  6:21  Drone x4  
  70  6:25  Drone x9  
  80  6:33  Extractor  
  80  6:36  Drone x3  
  82  6:40  Zergling x2  
  82  6:41  Zergling x4  
  82  6:47  Zergling x8  
  89  6:49  Overlord  
  89  6:53  Baneling Nest  
  88  6:54  Extractor  
  87  7:05  Overlord  
  87  7:09  Overlord  
  87  7:23  Zergling x2  
  87  7:24  Zergling x32  
  104  7:31  Hydralisk Den  
  104  7:32  Overlord x3, Infestation Pit  
  104  7:33  Zerg Melee Weapons Level 2, Zerg Ground Armor Level 2  
  102  7:39  Baneling x6  
  102  7:43  Extractor  
  101  7:45  Zergling x18  
  110  7:52  Hatchery  
  110  7:54  Drone x3  
  110  7:56  Overlord  
  110  7:57  Zergling x4, Extractor  
  113  8:06  Drone x4  
  113  8:11  Overlord  
  119  8:20  Drone x3  
  119  8:24  Muscular Augments, Hydralisk x10  
  135  8:36  Overlord  
  135  8:37  Baneling x5  
  135  8:41  Overlord  
  125  8:44  Hydralisk x5  
  130  8:50  Zergling x10  
  135  8:58  Overseer  
  135  8:59  Hive  
  135  9:02  Hydralisk  
  135  9:04  Overlord  
  135  9:06  Zergling x16  
  143  9:18  Baneling  
  143  9:19  Baneling x11  
  143  9:21  Hatchery  
  143  9:23  Zergling x24  
  154  9:28  Centrifical Hooks  
  135  9:41  Zergling x22  
  145  9:50  Hydralisk x5  
  145  9:52  Zergling x2  
  155  10:10  Hatchery  
  154  10:15  Hydralisk x2  
  154  10:20  Zergling x8  
  161  10:33  Zergling x2  
  161  10:34  Zergling x18  
  171  10:48  Zergling x8  
  171  10:49  Overlord x2  
  175  10:50  Overlord  
  175  10:53  Baneling  
  175  10:54  Baneling x6  
  175  11:15  Hatchery  
Tags
 
Add a new tag
Caveats
  • Supply blocks, unpowered buildings, or Contaminate may cause inaccurate times.
  • Supply counts are checked every 10 seconds.